 Dungeon Crawl Stone Soup version 0.24-a0-307-gf989941 (webtiles) character file.

Game seed: 4484351200459346774

331 Iscandelvey the Vexing (level 6, -2/43 HPs)
             Began as a Demonspawn Arcane Marksman on May 12, 2019.
             Slain by an orc wizard
             ... wielding a +0 dagger
              (4 damage)
             ... on level 4 of the Dungeon.
             The game lasted 00:18:42 (4290 turns).

Iscandelvey the Vexing (Demonspawn Arcane Marksman) Turns: 4290, Time: 00:18:42

Health: -2/43      AC:  3    Str: 10    XL:     6   Next: 26%
Magic:  7/10       EV: 13    Int: 17    God:
Gold:   179        SH:  0    Dex: 13    Spells: 8/11 levels left

rFire    . . .     SeeInvis .   a - +0 hand crossbow
rCold    . . .     Gourm    .   (no shield)
rNeg     . . .     Faith    .   e - +0 robe
rPois    .         Spirit   .   (no helmet)
rElec    .         Reflect  .   (no cloak)
rCorr    .         Harm     .   (no gloves)
MR       .....                  j - +0 pair of boots
Stlth    +.........             (no amulet)
HPRegen  0.14/turn              (no ring)
MPRegen  0.12/turn              (no ring)

@: no status effects
A: talons 1, powered by death 1
a: no special abilities


You were on level 4 of the Dungeon.
You were hungry.

You visited 1 branch of the dungeon, and saw 4 of its levels.

You collected 179 gold pieces.

Inventory:

Hand Weapons
 a - a +0 hand crossbow (weapon)
 i - a +0 hand axe
 n - a +0 falchion
Missiles
 d - 5 bolts (quivered)
 g - 55 stones
 q - 6 boomerangs
Armour
 e - a +0 robe (worn)
 j - a +0 pair of boots (worn)
Jewellery
 c - a cursed -6 ring of protection {unknown}
 o - an uncursed ring of protection from fire {unknown}
Scrolls
 b - 3 scrolls of identify {unknown}
 m - 2 scrolls of noise {unknown}
 t - a scroll of remove curse {unknown}
 v - a scroll of fear {unknown}
Potions
 h - a potion of degeneration {unknown}
 l - a potion of brilliance {unknown}
 p - a potion of flight {unknown}
 r - a potion of might {unknown}
Comestibles
 f - 7 rations


   Skills:
 - Level 1.0 Fighting
 * Level 3.7 Crossbows
 + Level 2.8 Dodging
 * Level 3.2 Spellcasting
 + Level 4.1 Hexes


You had 8 spell levels left.
You knew the following spells:

 Your Spells              Type           Power        Failure   Level  Hunger
a - Corona                Hex            ###....      3%          1    None
b - Slow                  Hex            ###.....     4%          2    ##.....

Your spell library contained the following spells:

 Spells                   Type           Power        Failure   Level  Hunger
 Inner Flame              Hex/Fire       #.......     22%         3    ###....
 Portal Projectile        Hex/Tloc       #.....       22%         3    ###....
 Cause Fear               Hex            ###.......   30%         4    ####...
 Leda's Liquefaction      Hex/Erth       #.........   58%         4    ####...


Dungeon Overview and Level Annotations

Branches:
Dungeon (4/15)
 Temple: D:4-7

Altars:
Ashenzari
Hepliaklqana
Trog
Vehumet

Annotations:
D:4 Edmund; tilp's ghost, amateur SpEn


Innate Abilities, Weirdness & Mutations

You have sharp toenails.
You regenerate a little health from kills.


Message History

* * * LOW HITPOINT WARNING * * *
Something completely misses you.
Firing (i - inventory. (/) - cycle)
d - 8 bolts (quivered)
Press: ? - help, Shift-Dir - straight line, f - orc
Aim: an orc, wielding a +0 war axe and wearing a +0 leather armour (severely wounded)
You shoot a bolt. The bolt closely misses the orc.
Something hits you.
* * * LOW HITPOINT WARNING * * *
Firing (i - inventory. (/) - cycle)
d - 7 bolts (quivered)
Press: ? - help, Shift-Dir - straight line, f/p - orc
Aim: an orc, wielding a +0 war axe and wearing a +0 leather armour (severely wounded)
You shoot a bolt. The bolt hits the orc.
The orc is almost dead.
Something hits you.
* * * LOW HITPOINT WARNING * * *
Okay, then.
Firing (i - inventory. (/) - cycle)
d - 6 bolts (quivered)
Press: ? - help, Shift-Dir - straight line, f/p - orc
Aim: an orc, wielding a +0 war axe and wearing a +0 leather armour (almost dead)
You shoot a bolt. Something hits you.
You die...

# #. #.. #...######
#...)o{@.##############
#....###..............##
....... #############.....
.......##........##...#...
.©...$..#...........####..
#######...........#####...
?....W#.#...)[.......#....
..##..#.#.........##....##
#..####.>.....#...#.


You could see an orc.

Vanquished Creatures
  An ogre (D:3)
  A hound (D:4)
  An orc wizard (D:4)
  2 worker ants (D:3)
  5 adders
  2 oozes
  2 worms (D:2)
  4 dart slugs
  9 leopard geckos
  3 orcs
  A ball python (D:1)
  3 bats
  3 giant cockroaches
  3 goblins
  5 hobgoblins
  4 jackals (D:2)
  2 quokkas (D:2)
  5 frilled lizards
  6 kobolds
  A quokka skeleton (D:4)
  8 rats
71 creatures vanquished.

Notes
Turn   | Place    | Note
-------+----------+-------------------------------------------
     0 | D:1      | Iscandelvey the Demonspawn Arcane Marksman began the quest
                  | for the Orb.
     0 | D:1      | Reached XP level 1. HP: 15/15 MP: 2/2
   219 | D:1      | Gained mutation: You regenerate a little health from kills.
                  | [demonic ancestry]
   219 | D:1      | Reached XP level 2. HP: 21/21 MP: 3/3
   223 | D:1      | Learned a level 2 spell: Slow
  1065 | D:2      | Reached XP level 3. HP: 26/26 MP: 1/5
  2131 | D:2      | Gained mutation: You have sharp toenails. [demonic
                  | ancestry]
  2131 | D:2      | Reached XP level 4. HP: 31/32 MP: 7/7
  2184 | D:2      | Found a bloodstained altar of Trog.
  2187 | D:2      | Found a shattered altar of Ashenzari.
  2190 | D:2      | Found a radiant altar of Vehumet.
  3156 | D:3      | Reached XP level 5. HP: 24/37 MP: 1/8
  3476 | D:4      | Found a hazy altar of Hepliaklqana.
  3476 | D:4      | Noticed an ogre
  3514 | D:4      | Noticed Edmund
  3741 | D:3      | Killed an ogre
  3741 | D:3      | Reached skill level 4 in Hexes
  3902 | D:4      | Reached XP level 6. HP: 30/43 MP: 10/10
  4254 | D:4      | Noticed tilp's ghost (amateur SpEn)
  4289 | D:4      | HP: 2/43 [something (3)]
  4290 | D:4      | Slain by an orc wizard

Levels and vault maps discovered:
D:1:      lemuel_arrival_behind_the_door_large, layout_basic
D:2:      layout_loops_ring, grunt_temple_overflow_diamond
D:3:      layout_rooms, first_ration
D:4:      layout_rooms, kennysheep_little_box, gammafunk_ghost_smash,
          minmay_goblin_kobold_house, uniq_crazy_yiuf_cottage, uniq_edmund

Skill      XL: |  1  2  3  4  5 |
---------------+----------------+-----
Crossbows      | 2 3 |  3.7
Dodging        | 2 |  2.8
Spellcasting   | 2 3 |  3.2
Hexes          | 4 |  4.1
Fighting       | |  1.0

Action                   |  1- 3 |  4- 6 || total
-------------------------+-------+-------++-------
Melee: Hand axe          |    83 |       ||    83
       Falchion          |    25 |   135 ||   160
 Fire: Hand crossbow     |    24 |    17 ||    41
Throw: Stone             |     2 |     6 ||     8
       Boomerang         |       |     7 ||     7
 Cast: Slow              |    14 |    25 ||    39
       Corona            |    12 |    14 ||    26
  Use: Potion            |       |     7 ||     7
 Stab: Sleeping          |     1 |       ||     1
  Eat: Chunk             |     5 |     5 ||    10
       Ration            |       |     1 ||     1
Armor: Robe              |    41 |    15 ||    56
Dodge: Dodged            |    74 |   118 ||   192
       Rpst.: Falchion   |     5 |    40 ||    45

Table legend:
 A = Non-vault XP
 B = Vault XP
 C = Vault XP percentage of total XP
 D = Non-vault monster count
 E = Vault monster count
 F = Vault count percentage of total count
                 A         B        C        D         E       F
            +---------+---------+-------+---------+---------+-------
      Total |     473 |       0 |   0.0 |      71 |       0 |   0.0
            +---------+---------+-------+---------+---------+-------
        D:1 |      38 |       0 |   0.0 |      20 |       0 |   0.0
        D:2 |      76 |       0 |   0.0 |      25 |       0 |   0.0
        D:3 |     252 |       0 |   0.0 |      18 |       0 |   0.0
        D:4 |     107 |       0 |   0.0 |       8 |       0 |   0.0
            +---------+---------+-------+---------+---------+-------
